Map: Lightshade LE

Players

Heeebster - Winner!

  • Race: Protoss Protoss
  • League: Diamond
  • Spawn Location: 5:00

OldGuy

  • Race: Terran Terran
  • League: Diamond
  • Spawn Location: 11:00

VOD

Have the link to the VOD?

Description

Time

  • Played on: Nov. 16, 2020, 12:47 a.m.
  • Length: 11:18
Show
View Real Time Build Order
Export as new Build Order

Heeebster Protoss - Winner!

Build Orders: 1 Gate Expand, Oracle Opening 

Get SALT Encoding   

  12  0:00  Probe  
  13  0:15  Pylon  
  13  0:16  Probe (Chrono Boost)  
  14  0:26  Probe (Chrono Boost)  
  15  0:34  Gateway  
  15  0:37  Probe  
  16  0:44  Assimilator  
  16  0:49  Probe  
  17  1:01  Probe  
  18  1:13  Probe  
  19  1:22  Nexus  
  19  1:32  Cybernetics Core  
  19  1:36  Probe  
  20  1:42  Assimilator  
  20  1:48  Probe  
  21  1:54  Pylon  
  21  1:58  Warp Gate  
  21  2:00  Probe  
  22  2:09  Stalker (Chrono Boost)  
  22  2:12  Probe  
  25  2:24  Stargate  
  25  2:26  Probe  
  26  2:35  Stalker  
  28  2:38  Probe (Chrono Boost)  
  28  2:43  Probe (Chrono Boost)  
  30  2:49  Probe (Chrono Boost)  
  32  2:52  Probe (Chrono Boost)  
  32  2:53  Probe (Chrono Boost)  
  33  3:01  Robotics Facility  
  33  3:02  Probe  
  33  3:04  Probe  
  35  3:15  Oracle (Chrono Boost)  
  38  3:20  Probe x2  
  38  3:23  Assimilator  
  38  3:25  Pylon  
  40  3:32  Probe (Chrono Boost)  
  40  3:33  Probe (Chrono Boost)  
  42  3:38  Gateway  
  42  3:39  Pylon  
  42  3:45  Probe (Chrono Boost)  
  44  3:50  Probe (Chrono Boost)  
  44  3:52  Probe (Chrono Boost)  
  45  3:57  Probe (Chrono Boost)  
  45  3:58  Immortal  
  50  4:05  Probe  
  50  4:09  Probe  
  52  4:16  Void Ray (Chrono Boost)  
  52  4:24  Probe  
  52  4:30  Fleet Beacon  
  57  4:35  Probe  
  57  4:36  Assimilator  
  58  4:47  Probe  
  58  4:51  Nexus  
  59  4:53  Pylon  
  59  4:57  Probe  
  59  4:59  Probe  
  61  5:05  Void Ray (Chrono Boost)  
  61  5:10  Flux Vanes  
  61  5:12  Probe  
  66  5:16  Probe  
  67  5:28  Stargate  
  67  5:37  Protoss Air Weapons Level 1, Stargate  
  67  5:42  Probe x2  
  69  5:46  Shield Battery  
  69  5:49  Shield Battery  
  69  5:53  Forge  
  69  5:54  Probe  
  69  5:55  Pylon  
  70  5:58  Pylon  
  70  5:59  Pylon  
  70  6:00  Probe  
  70  6:02  Pylon  
  73  6:05  Void Ray (Chrono Boost)  
  73  6:06  Probe  
  73  6:07  Void Ray (Chrono Boost)  
  73  6:15  Void Ray (Chrono Boost)  
  79  6:28  Photon Cannon  
  79  6:30  Photon Cannon  
  79  6:33  Shield Battery  
  79  6:36  Shield Battery  
  79  6:38  Photon Cannon  
  79  6:40  Photon Cannon x2  
  79  6:41  Pylon  
  79  6:42  Probe  
  79  6:45  Void Ray (Chrono Boost)  
  79  7:05  Void Ray (Chrono Boost)  
  87  7:08  Void Ray (Chrono Boost)  
  87  7:23  Zealot  
  87  7:24  Void Ray (Chrono Boost), Zealot  
  87  7:28  Pylon  
  95  7:31  Shield Battery  
  95  7:32  Pylon  
  95  7:33  Shield Battery  
  95  7:43  Void Ray (Chrono Boost)  
  99  7:49  Probe x2  
  101  7:53  Shield Battery  
  101  7:56  Void Ray x2 (Chrono Boost)  
  87  8:01  Probe x2  
  84  8:11  Shield Battery  
  84  8:14  Shield Battery  
  82  8:21  Void Ray  
  82  8:26  Void Ray  
  77  8:34  Shield Battery  
  85  8:42  Void Ray  
  89  8:51  Pylon  
  89  8:55  Void Ray  
  88  8:56  Void Ray  
  88  9:14  Zealot x2  
  92  9:20  Twilight Council  
  92  9:22  Probe (Chrono Boost)  
  92  9:23  Pylon  
  95  9:26  Probe x2 (Chrono Boost)  
  94  9:32  Probe (Chrono Boost)  
  94  9:37  Probe (Chrono Boost)  
  81  9:48  Probe  
  88  10:00  Carrier (Chrono Boost)  
  88  10:02  Zealot x2  
  88  10:06  Carrier (Chrono Boost), Assimilator  
  98  10:07  Probe (Chrono Boost)  
  98  10:09  Pylon  
  98  10:13  Assimilator  
  100  10:15  Probe (Chrono Boost)  
  100  10:17  Probe (Chrono Boost)  
  100  10:20  Pylon  
  98  10:21  Probe (Chrono Boost)  
  98  10:22  Probe x2 (Chrono Boost)  
  100  10:34  Probe x2 (Chrono Boost)  
  106  10:53  Zealot x2  
Show
View Real Time Build Order
Export as new Build Order

OldGuy Terran 

Build Orders:  

Get SALT Encoding   

  12  0:00  SCV  
  13  0:12  SCV  
  14  0:17  Supply Depot  
  14  0:25  SCV  
  15  0:38  SCV  
  15  0:40  Barracks  
  16  0:45  Refinery  
  16  0:51  SCV  
  17  1:03  SCV  
  18  1:16  SCV  
  19  1:29  Orbital Command  
  19  1:31  Marine  
  20  1:41  Command Center  
  20  1:50  Barracks Reactor  
  20  2:01  Supply Depot  
  20  2:03  SCV  
  21  2:10  Factory  
  21  2:15  Refinery  
  21  2:21  SCV  
  22  2:31  Bunker, Marine x2  
  22  2:33  SCV  
  25  2:49  SCV, Marine x2  
  28  2:53  Orbital Command  
  28  2:57  Factory Tech Lab  
  28  3:04  Starport  
  28  3:06  SCV  
  28  3:11  Marine  
  30  3:17  Siege Tank  
  33  3:22  SCV  
  33  3:23  SCV  
  33  3:25  Marine  
  36  3:31  Supply Depot  
  36  3:32  Marine  
  37  3:37  SCV  
  37  3:38  SCV  
  39  3:42  Medivac  
  42  3:50  SCV  
  42  3:51  SCV  
  42  3:53  Supply Depot  
  43  3:56  Siege Tank  
  43  3:57  Marine  
  43  3:58  Marine  
  48  4:07  SCV  
  48  4:08  SCV  
  50  4:12  Supply Depot  
  45  4:29  Marine x2  
  47  4:31  Liberator  
  47  4:37  Engineering Bay  
  50  4:41  SCV  
  51  4:48  Hellion  
  51  4:51  Refinery  
  51  4:52  Marine x2  
  55  4:53  Supply Depot  
  55  4:55  Supply Depot  
  52  5:13  SCV x2  
  54  5:18  Terran Infantry Weapons Level 1  
  54  5:20  Missile Turret  
  54  5:30  Marine x2, Siege Tank  
  54  5:33  SCV x2  
  61  5:38  Missile Turret  
  61  5:59  Missile Turret  
  61  6:03  Missile Turret  
  61  6:05  Marine x2  
  61  6:06  Bunker, Siege Tank  
  66  6:13  Viking  
  66  6:17  SCV  
  69  6:23  Marine x2  
  71  6:27  Missile Turret  
  71  6:29  SCV  
  71  6:31  Bunker  
  72  6:39  Barracks  
  72  6:41  Marine x2, Barracks  
  74  6:59  Marine x2  
  71  7:04  Missile Turret  
  71  7:06  Medivac  
  71  7:07  Cyclone  
  76  7:10  SCV x2  
  77  7:16  Marine  
  77  7:17  Marine  
  77  7:22  SCV, Missile Turret  
  80  7:24  SCV  
  81  7:34  SCV, Missile Turret, Marine x2  
  67  7:52  Marine  
  65  8:03  Marine  
  65  8:04  Marine x2  
  65  8:05  Siege Tank  
  66  8:10  Marine  
  66  8:11  Missile Turret, Liberator  
  69  8:21  Marine  
  69  8:22  Missile Turret  
  67  8:27  Missile Turret, Marine  
  67  8:28  Marine  
  67  8:31  SCV x2  
  69  8:43  SCV  
  69  8:48  Marine x2  
  69  8:49  Missile Turret, Marine x2, Siege Tank  
  69  8:51  Missile Turret  
  65  9:06  Marine x3  
  65  9:07  Marine  
  69  9:10  Bunker  
  69  9:11  SCV  
  69  9:13  SCV  
  71  9:24  Marine x4  
  71  9:28  Missile Turret  
  61  9:48  Marine x3  
  61  9:49  Marine, Siege Tank  
  67  9:57  Barracks  
  67  9:59  SCV, Barracks  
  68  10:09  Missile Turret, Marine x2  
  68  10:10  Marine x2  
  68  10:11  Command Center  
  72  10:16  SCV  
  73  10:22  Viking  
  73  10:27  Marine x3  
  73  10:28  SCV x2, Marine  
  80  10:45  Missile Turret, Marine x4  
  80  10:46  Missile Turret  
  80  10:47  Missile Turret  
  80  10:49  SCV x2  
Tags
 
Add a new tag
Caveats
  • Supply blocks, unpowered buildings, or Contaminate may cause inaccurate times.
  • Supply counts are checked every 10 seconds.